cohdb
Replays
Latest Replays
All Replays
Popular Replays
Top Player Replays
Match Explorer
How It Works
Community
CoH3 Stats
Reddit
Sign in to upload your games and track your stats! →
Sign in with Steam
Match 45671995
Unlisted
Match 45671995
Overview
Messages
Build Orders
End
Engineer Squad
Construct Barracks
Riflemen Squad
Riflemen Squad
Grenade Package
Riflemen Squad
Construct Medical Station
Riflemen Squad
Mechanized Support Center
Selects Armored Battlegroup
Selects Veteran Crews
Selects Field Repairs
Construct Weapon Support Center
Seocheon
CalmDownJustAGame
Leiarde
Xufe
0
0
Comments
sign in to comment!
No comments posted yet!